 Dungeon Crawl Stone Soup version 0.31-a0-1134-gb247575 (webtiles) character file.

Game seed: 843683004064085431

56 PidgeyThePirate the Changeling (level 3, -2/26 HPs)
             Began as a Merfolk Shapeshifter on Dec 5, 2023.
             Slain by a gnoll
             ... wielding a +0 whip
              (7 damage)
             ... on level 2 of the Dungeon.
             The game lasted 00:01:53 (980 turns).

PidgeyThePirate the Changeling (MfSh)                Turns: 980, Time: 00:01:54

Health: -2/26      AC:  2    Str: 14    XL:     3   Next: 97%
Magic:  12/12      EV: 13    Int: 11    God:
Gold:   49         SH:  0    Dex: 13    Spells: 2/2 levels left

rFire   . .          .
                       - Unarmed
rCold   . . .        (no shield)
rNeg    + . .        a - +0 animal skin
rPois   .            (helmet currently unavailable)
rElec   .            (cloak currently unavailable)
rCorr   .            (gloves currently unavailable)
SInv    .            (boots currently unavailable)
Will    .....        (no amulet)
Stlth   +            e - ring of magical power
HPRegen 0.24/turn    f - ring of positive energy
MPRegen 0.13/turn

%: no passive effects
@: beast-form
A: beast (slay +2), (nimble swimmer 2), mertail
a: Begin Untransformation


You were on level 2 of the Dungeon.
You were a hulking beast.
You visited 1 branch of the dungeon, and saw 2 of its levels.

You collected 49 gold pieces.

Inventory:

Armour
 a - a +0 animal skin (worn)
 i - a +0 ring mail
Jewellery
 e - a ring of magical power (left hand)
 f - a ring of positive energy (right hand)
Talismans
 c - a beast talisman
 d - a flux talisman
Scrolls
 g - a scroll of noise {unknown}
Potions
 b - a potion of lignification
 h - 2 potions of haste {unknown}
 j - a potion of enlightenment {unknown}


   Skills:
 + Level 1.2 Fighting
 + Level 3.1 Dodging
 + Level 0.4 Stealth
 + Level 4.4 Unarmed Combat
 + Level 4.6 Shapeshifting


You had 2 spell levels left.
You didn't know any spells.
Your spell library was empty.

Dungeon Overview and Level Annotations

Branches:
Dungeon (2/15)

Altars:


Innate Abilities, Weirdness & Mutations

You are a hulking beast.
Your limbs bulge with bestial killing power. (Slay +2)
((You are very nimble when in or above water. (Stealth+, EV+, Speed+++)))
Your lower body shifts to a powerful aquatic tail in water.


Message History

A gnoll comes into view. It is wielding a +0 whip.
You barely miss the gnoll. The gnoll hits you with a +0 whip.
You punch the gnoll!
The gnoll is heavily wounded.
You closely miss the gnoll.
The gnoll is heavily wounded.
The gnoll closely misses you.
You hit the gnoll.
The gnoll is severely wounded.
The gnoll hits you with a +0 whip.
You barely miss the gnoll.
The gnoll is severely wounded.
You hit the gnoll.
The gnoll is moderately wounded.
You punch the gnoll!
The gnoll is almost dead.
The gnoll closely misses you.
You closely miss the gnoll.
The gnoll is almost dead.
The gnoll hits you with a +0 flail!
* * * LOW HITPOINT WARNING * * *
You hit the gnoll.
The gnoll is almost dead.
The gnoll hits you with a +0 flail.
* * * LOW HITPOINT WARNING * * *
You hit the gnoll.
You kill the gnoll!
You barely miss the gnoll.
The gnoll is severely wounded.
The gnoll closely misses you.
You punch the gnoll!
You kill the gnoll!
You closely miss the gnoll. The gnoll completely misses you.
You hit the gnoll but do no damage. The gnoll barely misses you.
You hit the gnoll.
The gnoll is moderately wounded.
You hit the gnoll but do no damage.
The gnoll is moderately wounded.
The gnoll hits you with a +0 whip!
You die...

##################
#.................
#h#######...#.....
#g# ###..>....
##B## ###.....
#...# #..... #...#
#..... #8...8#
#..... ##...##
###### #...# #...#
#


You could see a gnoll and a giant cockroach.

Vanquished Creatures
  2 gnolls (D:2)
  An adder (D:2)
  A worm (D:2)
  2 endoplasms
  A goblin (D:1)
  4 hobgoblins
  A kobold (D:2)
  4 quokkas
  2 ball pythons
  4 bats
  3 frilled lizards
  A rat (D:1)
26 creatures vanquished.

Notes
Turn   | Place    | Note
-------+----------+-------------------------------------------
     0 | D:1      | PidgeyThePirate the Merfolk Shapeshifter began the quest
                  | for the Orb.
     0 | D:1      | Reached XP level 1. HP: 15/15 MP: 1/1
   222 | D:1      | Reached XP level 2. HP: 20/21 MP: 2/2
   275 | D:1      | Found a faded altar of an unknown god.
   791 | D:2      | Reached XP level 3. HP: 26/26 MP: 3/3
   980 | D:2      | Slain by a gnoll

Illustrated notes

Levels and vault maps discovered:
D:1:      dpeg_arrival_castle, layout_basic, basic_ecumenical_altar
D:2:      layout_rooms, serial_corexii_hall, chequers_hall_statues_wall_a,
          corexii_hall_statues_l, corexii_hall_statues_deadend,
          chequers_hall_statues_corner_a

Skill      XL: |  1  2 |
---------------+-------+-----
Dodging        | 3 |  3.1
Unarmed Combat | 4 |  4.4
Fighting       | |  1.2
Stealth        | |  0.4
Shapeshifting  | |  4.6

Action                     || total
---------------------------++-------
  Melee: Unarmed           ||    66
         Punch             ||     2
   Stab: Sleeping          ||     1
 Armour: Animal skin       ||    22
  Dodge: Dodged            ||    30

Table legend: (Time is in decaauts)
 A = Elapsed time spent in this place.
 B = Non-inter-level travel time spent in this place.
 C = Inter-level travel time spent in this place.
 D = Time resting spent in this place.
 E = Time spent auto-exploring this place.
 F = Levels seen in this place.
 G = Mean time per level.
                   A        B        C        D        E       F      G
               +--------+--------+--------+--------+--------+-----+--------+
         Total |    962 |    928 |     34 |      0 |    698 |   2 |  481.0 |
       Dungeon |    962 |    928 |     34 |      0 |    698 |   2 |  481.0 |
               +--------+--------+--------+--------+--------+-----+--------+

Top non-repeatable levels by time:
     D:1: 685 daAuts
     D:2: 276 daAuts
